 Dungeon Crawl Stone Soup version 0.28-a0-1348-g050f3537b9 (webtiles) character file.

Game seed: 17532606476911876959

10100 Conn the Arsonist (level 11, -3/64 HPs)
             Began as an Octopode Fire Elementalist on Dec 30, 2021.
             Was a Believer of Sif Muna.
             Slain by Donald (6 damage)
             ... on level 2 of the Orcish Mines.
             The game lasted 00:28:32 (12641 turns).

Conn the Arsonist (Octopode Fire Elementalist)     Turns: 12641, Time: 00:28:34

Health: -3/64      AC:  1    Str:  8    XL:     11   Next: 56%
Magic:  19/32      EV: 14    Int: 27    God:    Sif Muna [**....]
Gold:   1125       SH:  0    Dex: 13    Spells: 6/27 levels left

rFire   + . .      SeeInvis .   z - staff of fire
rCold   . . .      Faith    .   (no shield)
rNeg    . . .      Spirit   .   (helmet restricted)
rPois   .          Reflect  .   (no amulet)
rElec   .          Harm     .   f - ring of magical power
rCorr   .          Rampage  .   g - +6 ring of intelligence
Will    +....                   D - ring of willpower
Stlth   ++++......              (no ring)
HPRegen 0.20/turn               (no ring)
MPRegen 0.23/turn               (no ring)
                                (no ring)
                                (no ring)

@: no status effects
A: almost no armour, amphibious, 8 rings, camouflage 1, gelatinous body 1,
(nimble swimmer 1), tentacles, subdued magic 1
a: Renounce Religion, Channel Magic


You were on level 2 of the Orcish Mines.
You worshipped Sif Muna.
Sif Muna was pleased with you.
You visited 3 branches of the dungeon, and saw 12 of its levels.

You collected 1158 gold pieces.
You spent 33 gold pieces at shops.

Inventory:

Hand Weapons
 b - a +1 short sword
 q - the +4 short sword "Secuanwal" {distort, rF+ Str+4}
   (You took it off a kobold brigand on level 5 of the Dungeon)

   It warps and distorts space around it, and may blink, banish, or inflict
   extra damage upon those it strikes.
   Unwielding it can cause banishment or high damage.
   Str:       It affects your strength (+4).
   rF:        It protects you from fire.
 A - the +4 dagger "Yngasoh" {vorpal, Dex+4}
   (You found it on level 8 of the Dungeon)

   It inflicts extra damage upon your enemies.
   Dex:       It affects your dexterity (+4).
Missiles
 e - 4 datura-tipped darts
 h - 122 poisoned darts
 k - a throwing net (quivered)
 y - 9 curare-tipped darts
Magical Staves
 z - a staff of fire (weapon)
Jewellery
 f - a ring of magical power (left tentacle)
 g - a +6 ring of intelligence (right tentacle)
 D - a ring of willpower (on tentacle)
Wands
 c - a wand of polymorph (4)
 r - a wand of mindburst (12)
 s - a wand of charming (7)
 u - a wand of iceblast (11)
 B - a wand of flame (11)
Scrolls
 d - 2 scrolls of enchant weapon
 i - 4 scrolls of teleportation
 l - a scroll of vulnerability
 o - a scroll of holy word
 w - a scroll of fog
 C - a scroll of torment
Potions
 a - 7 potions of curing
 j - a potion of ambrosia
 m - a potion of degeneration
 p - a potion of flight
 x - a potion of heal wounds
 E - a potion of invisibility {unknown}
 F - a potion of attraction {unknown}
Miscellaneous
 v - a box of beasts


   Skills:
 + Level 1.7 Fighting
 + Level 1.3 Short Blades
 + Level 3.2 Dodging
 + Level 5.4 Stealth
 + Level 8.9 Spellcasting
 * Level 7.9 Conjurations
 - Level 3.0 Hexes
 * Level 10.9 Fire Magic
 * Level 4.9 Earth Magic


You had 6 spell levels left.
You knew the following spells:

 Your Spells              Type           Power      Damage    Failure   Level
a - Foxfire               Conj/Fire      100%       2x1d9     1%          1
b - Conjure Flame         Conj/Fire      64%        6-21      1%          3
c - Inner Flame           Hex/Fire       55%        N/A       1%          3
d - Flame Wave            Conj/Fire      64%        2d10      1%          4
e - Scorch                Fire           100%       2d10      1%          2
f - Lee's Rapid Deconstr  Erth           14%        3d10*     16%         5
g - Stone Arrow           Conj/Erth      72%        3d11      1%          3

Your spell library contained the following spells:

 Spells                   Type           Power      Damage    Failure   Level
 Sandblast                Erth           58%        2d13      1%          1
 Slow                     Hex            88%        N/A       1%          1
 Passwall                 Tmut/Erth      15%        N/A       1%          2
 Ensorcelled Hibernation  Hex/Ice        30%        N/A       2%          2
 Confusing Touch          Hex            22%        N/A       3%          3
 Tukima's Dance           Hex            22%        N/A       3%          3
 Leda's Liquefaction      Hex/Erth       12%        N/A       8%          4
 Vampiric Draining        Necr           9%         2d6       12%         3
 Summon Forest            Summ/Tloc      4%         N/A       77%         5
 Statue Form              Tmut/Erth      12%        N/A       94%         6
 Eringya's Noxious Bog    Tmut/Pois      4%         N/A       100%        6
 Enfeeble                 Hex            11%        N/A       100%        7
 Summon Hydra             Summ           4%         N/A       100%        7


Dungeon Overview and Level Annotations

Branches:
Dungeon (9/15)             Temple (1/1) D:7            Lair (0/6) D:8
    Orc (2/2) D:9             Elf (0/3) Orc:2

Altars:
Cheibriados
Dithmenos
Fedhas
Gozag
Kikubaaqudgha
Makhleb
Okawaru
Qazlal
Ru
Sif Muna
Trog
Wu Jian
Xom
Yredelemnul
Lugonu

Shops:
D:7 *   D:8 *

Portals:
Abyss: D:5

Annotations:
Orc:2 Donald


Innate Abilities, Weirdness & Mutations

You cannot wear most types of armour.
You are amphibious.
You can wear up to eight rings at the same time.
Your skin changes colour to match your surroundings (Stealth+).
Your rubbery body absorbs attacks. (AC +1, EV +1)
((You are camouflaged when in or above water. (Stealth+)))
You have tentacles for arms and can constrict up to eight enemies at once.
Your spells are a little easier to cast, but a little less powerful.


Message History

Donald burns you.
Casting: Inner Flame (safe; 1% risk of failure)
Confirm with . or Enter, or press ? or * to list all spells.
Okay, then.
Throw: 2 throwing nets
Press: ? - help, Q - select action, (/) - cycle Shift-Dir - straight line, f/p - Donald
Aim: Donald, wielding a +2 long sword of flaming, wearing a +0 chain mail and wearing a +0 kite shield (fast, inner flame, strong, 68% to hit)
You throw a throwing net.
Donald blocks the throwing net.
Donald hits you with a +2 long sword of flaming!
Donald burns you.
Okay, then.
Unknown command.
Okay, then.
Unknown command.
You feel much better.
Donald says, "I'll never be able to carry all this gold!
I hate that."
Donald hits you with a +2 long sword of flaming!!
Donald burns you. Donald closely misses you.
Okay, then.
You feel much better.
Donald says, "It's like an all you can read... something."
Donald hits you with a +2 long sword of flaming!
Donald burns you.
As you read the scroll of summoning, it crumbles to dust.
Wisps of shadow whirl around you...
Donald says, "Man, that must be some big library."
Donald hits you with a +2 long sword of flaming!!
* * * LOW HITPOINT WARNING * * *
Donald burns you.
* * * LOW HITPOINT WARNING * * *
Donald closely misses you.
Okay, then.
Unknown command.
Unknown command.
You feel much better.
Donald says, "I ran into an orc.
He called himself a warlord, and I asked what war?"
Donald hits you with a +2 long sword of flaming!!
* * * LOW HITPOINT WARNING * * *
Donald burns you.
You die...

#####.#.....#.##
..................
#...................
#........).........
##.................
###
#.......hoo........
##..
#.........@....#...
#...
##...#....@..#......
#..
#..........[........
#.
#........[..........
#.
#...#...............#
#.
##.###....#........##
#.
#####.#.##....#####
#. #.))#.##.### ####
#. ##.#...###
####..#####
####^..)..##
##.#...##.##


You could see Donald (fast, inner flame, strong, ally target), an orc warrior
(ally target), a friendly warg (summoned) and a friendly orc sorcerer
(summoned).

Vanquished Creatures
  A two-headed ogre (D:9)
  An orc high priest (Orc:2)
  Sonja (Orc:2)
  An orc knight (Orc:2)
  The ghost of hemabe71 the Charlatan, a novice HuAr (D:6)
  A komodo dragon (D:8)
  The ghost of witty6 the Cudgeller, an amateur MiBe of Trog (D:5)
  A troll (Orc:2)
  Prince Ribbit (D:6)
  A wyvern (D:7)
  11 yaks
  A steam dragon (D:7)
  A warg (Orc:2)
  5 water moccasins
  3 orc warriors (Orc:2)
  2 ice beasts (D:8)
  3 black bears
  A necrophage (D:7)
  3 centaurs
  5 ogres
  4 phantoms
  5 kobold brigands
  5 bullfrogs
  A gnoll sergeant (D:9)
  5 scorpions
  A water moccasin zombie (D:5)
  5 killer bees (D:8)
  7 wights
  6 howler monkeys
  2 centaur zombies
  A jelly (D:7)
  6 orc priests
  A gnoll shaman (D:5)
  Terence (D:2)
  4 orc wizards
  2 iguanas
  2 howler monkey zombies
  A howler monkey skeleton (D:6)
  10 gnolls
  4 adders
  2 white imps
  2 worms
  2 dart slugs (D:3)
  22 orcs
  6 bats
  5 endoplasms
  4 giant cockroaches
  10 goblins
  2 hobgoblins
  4 jackals (D:5)
  24 kobolds
  7 quokkas
  5 ball pythons
  3 frilled lizards
  A giant cockroach zombie (D:3)
  5 rats
222 creatures vanquished.

Vanquished Creatures (collateral kills)
  6 foxfires (D:8)
6 creatures vanquished.

Vanquished Creatures (others)
  761 foxfires
  48 fungi
  54 plants
863 creatures vanquished.

Grand Total: 1091 creatures vanquished

Notes
Turn   | Place    | Note
-------+----------+-------------------------------------------
     0 | D:1      | Conn the Octopode Fire Elementalist began the quest for the
                  | Orb.
     0 | D:1      | Reached XP level 1. HP: 11/11 MP: 3/3
   357 | D:1      | Reached XP level 2. HP: 17/17 MP: 3/5
  1110 | D:2      | Reached XP level 3. HP: 21/21 MP: 2/6
  1216 | D:2      | Learned a level 3 spell: Conjure Flame
  1274 | D:2      | Noticed Terence
  1302 | D:2      | Killed Terence
  1540 | D:2      | Reached XP level 4. HP: 26/27 MP: 7/7
  2411 | D:3      | Reached skill level 4 in Fire Magic
  2411 | D:3      | Reached XP level 5. HP: 31/31 MP: 9/9
  3118 | D:3      | You fall into a shaft and drop 1 floor!
  3211 | D:4      | Learned a level 3 spell: Inner Flame
  4348 | D:4      | Noticed a black bear
  4362 | D:4      | Killed a black bear
  4363 | D:4      | Reached XP level 6. HP: 37/37 MP: 5/10
  4486 | D:5      | Entered Level 5 of the Dungeon
  4743 | D:5      | Noticed a yak
  4744 | D:5      | Noticed a yak
  4744 | D:5      | Noticed a yak
  4750 | D:5      | Noticed a yak
  4751 | D:5      | Killed a yak
  4752 | D:5      | Reached XP level 7. HP: 42/42 MP: 13/13
  4757 | D:5      | Killed a yak
  4757 | D:5      | Killed a yak
  4758 | D:5      | Reached skill level 5 in Spellcasting
  4758 | D:5      | Reached skill level 1 in Hexes
  4758 | D:5      | Reached skill level 5 in Fire Magic
  4758 | D:5      | Reached XP level 8. HP: 38/47 MP: 10/15
  4768 | D:5      | Killed a yak
  4944 | D:5      | Reached skill level 6 in Fire Magic
  4946 | D:5      | Found a runed translucent gate.
  4946 | D:5      | Found a runed translucent gate.
  4946 | D:5      | Found a runed translucent gate.
  4950 | D:5      | Noticed witty6's ghost (amateur MiBe)
  5130 | D:5      | Found a large runed translucent door.
  5130 | D:5      | Found a large runed translucent door.
  5166 | D:5      | Found a one-way gate to the infinite horrors of the Abyss.
  5166 | D:5      | Identified the +4 short sword "Secuanwal" {distort, rF+
                  | Str+4}
  5597 | D:5      | Found a corrupted altar of Lugonu.
  5607 | D:5      | Reached skill level 1 in Fighting
  6041 | D:4      | Learned a level 4 spell: Flame Wave
  6044 | D:4      | Learned a level 2 spell: Scorch
  6050 | D:4      | Learned a level 5 spell: Lee's Rapid Deconstruction
  6389 | D:5      | Killed witty6's ghost
  6390 | D:5      | Reached skill level 5 in Conjurations
  6390 | D:5      | Reached skill level 1 in Earth Magic
  6390 | D:5      | Reached XP level 9. HP: 53/53 MP: 15/18
  6613 | D:6      | Noticed Prince Ribbit
  6621 | D:6      | Killed Prince Ribbit
  6721 | D:6      | Reached skill level 7 in Fire Magic
  7008 | D:6      | Found a runed translucent door.
  7008 | D:6      | Noticed hemabe71's ghost (novice HuAr)
  7017 | D:6      | Killed hemabe71's ghost
  7447 | D:7      | Found Fomizato's Serpentskin Sales.
  7456 | D:7      | Reached skill level 5 in Stealth
  7538 | D:7      | Bought 4 curare-tipped darts for 33 gold pieces
  7724 | D:6      | Reached skill level 8 in Fire Magic
  8047 | D:7      | Found a staircase to the Ecumenical Temple.
  8076 | Temple   | Entered the Ecumenical Temple
  8108 | Temple   | Became a worshipper of Sif Muna the Loreminder
  8170 | D:7      | Reached XP level 10. HP: 56/58 MP: 20/20
  8690 | D:7      | Found a basalt altar of Yredelemnul.
  8695 | D:7      | Found a bloodstained altar of Trog.
  8696 | D:7      | Found an ancient bone altar of Kikubaaqudgha.
  8751 | D:8      | Identified the +4 dagger "Yngasoh" {vorpal, Dex+4}
  8808 | D:8      | Reached skill level 1 in Short Blades
  8808 | D:8      | Reached skill level 9 in Fire Magic
  8917 | D:8      | Reached * piety under Sif Muna
  9398 | D:8      | Found a staircase to the Lair.
 10025 | D:8      | Found Watze's Overcharged Wands.
 10183 | D:8      | Gained mutation: Your spells are a little easier to cast,
                  | but a little less powerful. [mutagenic glow]
 10211 | D:8      | Found an iron altar of Okawaru.
 10211 | D:8      | Found a sacrificial altar of Ru.
 10433 | D:9      | Reached XP level 11. HP: 48/64 MP: 23/23
 10456 | D:9      | Reached skill level 10 in Fire Magic
 10793 | D:9      | Reached ** piety under Sif Muna
 10871 | D:9      | Found a staircase to the Orcish Mines.
 11122 | D:9      | Noticed a two-headed ogre
 11236 | D:9      | Found a stormy altar of Qazlal.
 11295 | D:9      | Killed a two-headed ogre
 11378 | Orc:1    | Entered Level 1 of the Orcish Mines
 11424 | Orc:2    | Entered Level 2 of the Orcish Mines
 11433 | Orc:2    | Found a bloodstained altar of Trog.
 11463 | Orc:2    | Noticed an orc knight
 11484 | Orc:2    | Killed an orc knight
 11692 | Orc:2    | Found a staircase to the Elven Halls.
 11852 | Orc:2    | Noticed Sonja
 11856 | Orc:2    | Killed Sonja
 12050 | Orc:2    | Noticed an orc high priest
 12058 | Orc:2    | Killed an orc high priest
 12227 | Orc:2    | Noticed Donald
 12614 | Orc:2    | Learned a level 3 spell: Stone Arrow
 12641 | Orc:2    | HP: 3/64 [Donald (29)]
 12641 | Orc:2    | Slain by Donald

Illustrated notes

Levels and vault maps discovered:
D:1:      saegor_arrival_simple_e, layout_loops_ring, glass_columns_a
D:2:      layout_basic, serial_glass, glass_columns_a, glass_columns_a,
          uniq_terence
D:3:      layout_basic, minmay_quadrilaterals
D:4:      layout_basic, nrook_mini_vaults
D:5:      due_chaos_kobolds, layout_basic, gammafunk_ghost_nasty_kobolds,
          wad_floor_pattern_2
D:6:      layout_rooms, gammafunk_ghost_grave, uniq_prince_ribbit1
D:7:      layout_loops_ring, minitemple, minmay_temple_entry_antechambers,
          enter_bailey_7, minmay_strange_pillars, guppyfry_shop_venom
D:8:      layout_loops_cross, gammafunk_temple_overflow_elements,
          due_lair_maze_entry_diamond, nicolae_shop_overcharged_wands
D:9:      layout_basic, mainiacjoe_overflow_six_doors_small, orc_0_dummy
Temple:   regret_index_temple_sphere_string
Orc:1:    layout_diamond_mine, gammafunk_ghost_berserking_beasts
Orc:2:    grunt_orc_cross, layout_diamond_mine, basic_altar, uniq_sonja,
          uniq_donald

Skill      XL: |  1  2  3  4  5  6  7  8  9 10 11 |
---------------+----------------------------------+-----
Stealth        | 3 4 5 |  5.4
Fire Magic     | 4 5 6 8 9 10 | 10.9
Conjurations   | 2 3 5 6 7 |  7.9
Spellcasting   | 3 4 5 6 7 8 |  8.9
Hexes          | 1 2 3 |  3.0
Fighting       | 1 |  1.7
Dodging        | 3 |  3.2
Earth Magic    | 1 2 4 |  4.9
Short Blades   | 1 |  1.3

Action                   |  1- 3 |  4- 6 |  7- 9 | 10-12 || total
-------------------------+-------+-------+-------+-------++-------
Melee: Unarmed           |     3 |       |       |       ||     3
       Constrict         |     4 |    11 |     5 |     3 ||    23
       Tentacles         |     3 |     5 |     6 |     2 ||    16
       Short sword       |     5 |    25 |    21 |     9 ||    60
       Staff             |       |       |       |     1 ||     1
Throw: Throwing net      |       |       |       |     1 ||     1
 Cast: Foxfire           |    54 |   105 |   105 |   175 ||   439
       Inner Flame       |       |     4 |     7 |    36 ||    47
       Conjure Flame     |       |     2 |       |     3 ||     5
       Scorch            |       |       |    20 |    28 ||    48
       Flame Wave        |       |       |     5 |     8 ||    13
  Use: Scroll            |       |       |     9 |     5 ||    14
       Potion            |       |       |     2 |     3 ||     5
 Stab: Sleeping          |     4 |     4 |     3 |     2 ||    13
Armor: Skin              |     3 |     1 |     3 |     1 ||     8
Dodge: Dodged            |    25 |    16 |    43 |    33 ||   117

Table legend: (Time is in decaauts)
 A = Elapsed time spent in this place.
 B = Non-inter-level travel time spent in this place.
 C = Inter-level travel time spent in this place.
 D = Time resting spent in this place.
 E = Time spent auto-exploring this place.
 F = Levels seen in this place.
 G = Mean time per level.
                   A        B        C        D        E       F      G
               +--------+--------+--------+--------+--------+-----+--------+
         Total |  12645 |  12437 |    208 |   1011 |   8739 |  12 | 1053.8 |
       Dungeon |  11324 |  11116 |    208 |    845 |   7968 |   9 | 1258.2 |
        Temple |     57 |     57 |      0 |      0 |      0 |   1 |   57.0 |
  Orcish Mines |   1263 |   1263 |      0 |    166 |    771 |   2 |  631.5 |
               +--------+--------+--------+--------+--------+-----+--------+

Top non-repeatable levels by time:
     D:5: 1785 daAuts
     D:8: 1440 daAuts
     D:3: 1418 daAuts
     D:7: 1340 daAuts
     D:4: 1298 daAuts
   Orc:2: 1138 daAuts
     D:1: 1093 daAuts
     D:6: 1041 daAuts
     D:2: 955 daAuts
     D:9: 950 daAuts
   Orc:1: 125 daAuts
  Temple: 57 daAuts
